 Dungeon Crawl Stone Soup version 0.10.4 character file.

615 CodaKJazz the Changer (level 7, -3/45 HPs)
             Began as an Octopode Transmuter on June 8, 2023.
             Was a Follower of Nemelex Xobeh.
             Slain by a wight
             ... wielding a +1,+1 great sword
              (5 damage)
             ... on Level 7 of the Dungeon on June 9, 2023.
             The game lasted 01:03:01 (6109 turns).

CodaKJazz the Changer (Octopode Transmuter)         Turns: 6109, Time: 01:03:07

HP  -3/45        AC  1     Str 10      XL: 7   Next: 29%
MP   8/11        EV 13     Int 15      God: Nemelex Xobeh [*.....]
Gold 58          SH  0     Dex 14      Spells:  3 memorised,  3 levels left

Res.Fire  : + . .   See Invis. : .     - Unarmed
Res.Cold  : . . .   Warding    : . . (no shield)
Life Prot.: . . .   Conserve   : .   (helmet restricted)
Res.Acid. : . . .   Res.Corr.  : .   (no amulet)
Res.Poison: .       Clarity    : .   k - ring of protection from fire
Res.Elec. : .       Spirit.Shd : .   (no ring)
Sust.Abil.: . .     Stasis     : .   (no ring)
Res.Mut.  : .       Ctrl.Telep.: .   (no ring)
Res.Rott. : .       Levitation : .   (no ring)
Saprovore : . . .   Ctrl.Flight: .   (no ring)
                                     (no ring)
                                     (no ring)

@: very slightly contaminated, slightly resistant to hostile enchantments, quite
stealthy
A: almost no armour, amphibious, constrict 8, camouflage 1, tentacles 3, AC +1
a: Draw One, Renounce Religion


You were on level 7 of the Dungeon.
You worshipped Nemelex Xobeh.
Nemelex Xobeh was most pleased with you.
You were very hungry.

You visited 1 branch of the dungeon, and saw 7 of its levels.

You collected 248 gold pieces.
You spent 210 gold pieces at shops.

Inventory:

Hand weapons
 b - a cursed +2,+0 sling
Missiles
 i - 66 +0 sling bullets
 j - 50 +0 stones (quivered)
 o - 2 +0 throwing nets
 w - 119 +0 arrows
 y - 20 +4 sling bullets
 E - 50 poisoned +0 needles
 G - a -2 throwing net
Magical devices
 c - a wand of lightning (10)
Comestibles
 a - 3 bread rations
 t - 3 meat rations
Scrolls
 l - a scroll of recharging
 m - 2 scrolls of remove curse
 n - 2 scrolls of enchant weapon I {unknown}
 q - a scroll of curse weapon {unknown}
 r - 2 scrolls of detect curse {unknown}
 v - 4 scrolls of magic mapping
 B - 3 scrolls of blinking {unknown}
 F - a scroll of fear {unknown}
 J - a scroll of amnesia {unknown}
 O - 2 scrolls of enchant weapon II {unknown}
Jewellery
 k - a ring of protection from fire (on tentacle)
Potions
 f - a potion of magic
 h - 2 potions of cure mutation
 p - 2 potions of might
 u - a potion of poison {unknown}
 z - a potion of restore abilities {unknown}
 A - a potion of agility {unknown}
 C - a potion of paralysis {unknown}
 K - a potion of speed {unknown}
 L - 2 potions of heal wounds
 V - 4 potions of curing
 W - a potion of resistance {unknown}
Books
 d - a book of Changes

   Spells                             Type                      Level
   *Beastly Appendage                 Transmutation                1
   *Sticks to Snakes                  Transmutation                2
   Spider Form                        Transmutation/Poison         3
   *Ice Form                          Ice/Transmutation            4
   Blade Hands                        Transmutation                5
Miscellaneous
 M - a plain deck of destruction {god gift}


   Skills:
 + Level 2.9 Fighting
 - Level 2.6 Dodging
 - Level 3.0 Stealth
 + Level 3.4 Unarmed Combat
 + Level 2.3 Spellcasting
 - Level 5.0 Transmutations
 + Level 4.8 Ice Magic


You had 3 spell levels left.
You knew the following spells:

 Your Spells              Type           Power        Failure   Level  Hunger
a - Beastly Appendage     Trmt           ####...      2%          1    Strawberry
b - Sticks to Snakes      Trmt           ####......   4%          2    Choko
c - Ice Form              Ice/Trmt       ####......   28%         4    Honeycomb

Dungeon Overview and Level Annotations

Branches:
Dungeon (7/27)             Temple (0/1) D:7
    Orc: D:6-11

Altars:
Kikubaaqudgha
Nemelex Xobeh
Okawaru

Shops:
D:7: */([!

Annotations
D:4 exclusion: phantom, Dowan, Duvessa, Eustachio
D:5 exclusions: centaur and orc wizard
D:6 exclusion: ice beast, Sigmund; faxtax's ghost, average TrBe


Innate Abilities, Weirdness & Mutations

You cannot wear most types of armour.
You can wear up to eight rings at the same time.
You are amphibious.
You can use your tentacles to constrict many enemies at once.*
Your rubbery body absorbs attacks (AC +1).*
Your skin changes colour to match your surroundings (Stlth).*
You have a mass of large tentacles instead of arms.*


Message History

Your ball python withers and dies!
Read which item? (? for menu, Esc to quit)
As you read the scroll of teleportation, it crumbles to dust.
You feel strangely unstable. The sky beast hits you. The sky beast shocks you.
* * * LOW HITPOINT WARNING * * *
The centaur zombie hits you.
* * * LOW HITPOINT WARNING * * *
Drink which item? (? for menu, Esc to quit)
You feel better. The centaur zombie closely misses you.
There are monsters nearby!
The sky beast flickers out of sight!
Deactivating autopickup; reactivate with Ctrl-A.
Your surroundings suddenly seem different.
A crimson imp comes into view.
The crimson imp shouts!
The wight hits you with a great sword!
* * * LOW HITPOINT WARNING * * *
You feel drained.
You die...
Your body disappears without a glow.

..# #. ###+#### #.
#....... ###
#........ ##..
#......... #..P
#h.......∩ #...
#...z..... #####P..
#.....5...+...>....
#.@.z.....#######..
#z........# #..
#####+#### #.. ##.
## . . .


You could see a hound (wandering), 3 wights and a crimson imp.

Vanquished Creatures
  2 giant frogs
  3 crimson imps
  An ogre zombie (D:7)
  A worker ant (D:5)
  A mummy (D:7)
  6 adders
  2 giant mites (D:4)
  A worm (D:2)
  7 giant geckos
  4 ball pythons
  15 bats
  3 giant cockroaches
  9 goblins
  10 hobgoblins
  4 jackals (D:4)
  16 kobolds
  A giant gecko skeleton (D:5)
  6 giant newts
  10 rats
  A rat skeleton (D:4)
  A butterfly (D:7)
104 creatures vanquished.

Vanquished Creatures (collateral kills)
  A sky beast (D:7)
  An ogre (D:5)
  A jelly (D:7)
  A rat (D:7)
4 creatures vanquished.

Vanquished Creatures (others)
  A goblin (D:1)
  A toadstool (D:1)
2 creatures vanquished.

Grand Total: 110 creatures vanquished

Notes
Turn   | Place    | Note
--------------------------------------------------------------
     0 | D:1      | CodaKJazz, the Octopode Transmuter, began the quest for the Orb.
     0 | D:1      | Reached XP level 1. HP: 13/13 MP: 1/1
   341 | D:1      | Reached skill level 1 in Stealth
   408 | D:1      | Reached XP level 2. HP: 15/18 MP: 0/3
   427 | D:1      | Learned a level 2 spell: Sticks to Snakes
  1498 | D:2      | Reached XP level 3. HP: 23/23 MP: 2/4
  1586 | D:2      | You fall through a shaft!
  1767 | D:3      | Found a sparkling altar of Nemelex Xobeh.
  1774 | D:3      | Became a worshipper of Nemelex Xobeh
  2261 | D:2      | Received a gift from Nemelex Xobeh
  2832 | D:2      | Reached XP level 4. HP: 21/29 MP: 0/6
  3485 | D:4      | Noticed Eustachio
  3559 | D:4      | Acquired Nemelex Xobeh's first power
  3648 | D:4      | Noticed Duvessa
  3648 | D:4      | Noticed Dowan
  3950 | D:5      | Entered Level 5 of the Dungeon
  4224 | D:5      | Reached XP level 5. HP: 25/34 MP: 7/7
  4359 | D:5      | Reached skill level 4 in Transmutations
  4468 | D:5      | Learned a level 4 spell: Ice Form
  4473 | D:5      | Found an iron altar of Okawaru.
  4874 | D:5      | Reached XP level 6. HP: 40/40 MP: 9/9
  5318 | D:6      | Noticed faxtax's ghost (average TrBe)
  5392 | D:6      | Noticed Sigmund
  5515 | D:7      | Found Xeffoy's Magical Wand Shoppe.
  5553 | D:7      | Reached XP level 7. HP: 34/45 MP: 6/10
  5576 | D:7      | Bought a wand of lightning (10) for 168 gold pieces
  5742 | D:7      | Found Smixkuosu's Distillery.
  5781 | D:7      | Bought a potion of heal wounds for 42 gold pieces
  5839 | D:7      | Noticed a centaur zombie
  5877 | D:7      | Found a staircase to the Ecumenical Temple.
  5889 | D:7      | Found an ancient bone altar of Kikubaaqudgha.
  5921 | D:7      | Reached skill level 5 in Transmutations
  5928 | D:7      | Noticed an ogre zombie
  5945 | D:7      | Found Mega's Antique Armour Emporium.
  5975 | D:7      | Killed an ogre zombie
  6034 | D:7      | Found Ilunim's Weapon Emporium.
  6109 | D:7      | Found Utevaloxt's General Store.
  6109 | D:7      | HP: 2/45 [wight/great sword (13)]
  6109 | D:7      | Slain by a wight
